 Dungeon Crawl Stone Soup version 0.22.1-57-g7394efd (webtiles) character file.

433 smallpebble the Grave Robber (level 7, -9/46 HPs)
             Began as a Human Necromancer on Mar 20, 2019.
             Shot with an arrow by a centaur (11 damage)
             ... on level 5 of the Dungeon.
             The game lasted 01:08:17 (5069 turns).

smallpebble the Grave Robber (Human Necromancer)    Turns: 5069, Time: 01:08:17

Health: -9/46      AC:  3    Str:  8    XL:     7   Next: 20%
Magic:  0/13       EV: 13    Int: 18    God:
Gold:   165        SH:  0    Dex: 13    Spells: 8/14 levels left

rFire    . . .     SeeInvis .   b - +0 spear
rCold    . . .     Gourm    .   (no shield)
rNeg     + . .     Faith    .   u - +0 robe
rPois    .         Spirit   +   H - +0 hat
rElec    .         Reflect  .   F - scarf {cloud immunity}
rCorr    .         Harm     .   (no gloves)
MR       .....     Rnd*Tele +   D - +0 pair of boots
Stlth    ++........             f - amulet of guardian spirit
HPRegen  0.15/turn              z - ring of positive energy
MPRegen  0.13/turn              G - ring of teleportation

@: flying, very slightly contaminated
A: no striking features
a: no special abilities


You were on level 5 of the Dungeon.
You were not hungry.

You visited 1 branch of the dungeon, and saw 5 of its levels.

You collected 165 gold pieces.

Inventory:

Hand Weapons
 b - a +0 spear (weapon)
 p - a +0 rapier
 r - a +0 scythe
 A - a +0 hunting sling
Missiles
 e - 19 poisoned needles
 g - 56 bolts
 l - 117 stones (quivered)
 y - 5 tomahawks
 B - 21 sling bullets
Armour
 i - a +0 ring mail
 m - a +0 cloak
 u - a +0 robe (worn)
 x - a +0 robe
 D - a +0 pair of boots (worn)
 F - a scarf of cloud immunity (worn)
 H - a +0 hat (worn)
Jewellery
 f - an amulet of guardian spirit (around neck)
 z - a ring of positive energy (left hand)
 G - a ring of teleportation (right hand)
Wands
 a - a wand of iceblast (7)
Scrolls
 d - 2 scrolls of identify
 h - 2 scrolls of magic mapping
 j - a scroll of noise
 k - 2 scrolls of teleportation
 n - a scroll of enchant weapon
Potions
 q - 2 potions of might {unknown}
 s - 2 potions of degeneration {unknown}
 C - a potion of agility {unknown}
 E - a potion of resistance {unknown}
Comestibles
 c - 7 rations


   Skills:
 + Level 0.2 Fighting
 + Level 0.2 Polearms
 + Level 3.2 Dodging
 + Level 2.4 Stealth
 + Level 4.0 Spellcasting
 + Level 6.2 Necromancy


You had 8 spell levels left.
You knew the following spells:

 Your Spells              Type           Power        Failure   Level  Hunger
a - Pain                  Necr           ####         1%          1    None
b - Animate Skeleton      Necr           N/A          1%          1    None
c - Sandblast             Erth           #.....       14%         1    None
d - Regeneration          Chrm/Necr      ##........   12%         3    ###....

Your spell library contained the following spells:

 Spells                   Type           Power        Failure   Level  Hunger
 Vampiric Draining        Necr           ####......   3%          3    ###....
 Animate Dead             Necr           N/A          11%         4    ####...
 Passwall                 Tmut/Erth      #.......     22%         2    ##.....
 Stone Arrow              Conj/Erth      #.....       41%         3    ###....
 Petrify                  Tmut/Erth      #.......     82%         4    ####...
 Lee's Rapid Deconstruct  Erth           #.........   99%         5    ######.


Dungeon Overview and Level Annotations

Branches:
Dungeon (5/15)
 Temple: D:4-7

Altars:
Ashenzari
Qazlal

Annotations:
D:3 1 runed door, Thump's ghost, amateur SpEn


Message History

The iguana barely resists.
The iguana barely misses you.
Casting: Pain (safe; 1% risk of failure)
Confirm with . or Enter, or press ? or * to list all spells.
Aiming: Pain (safe; 1% risk of failure)
Press: ? - help, Shift-Dir - straight line, f/p - iguana
Aim: an iguana (almost dead, chance to defeat MR: 89%)
The iguana writhes in agony!
You kill the iguana!
The centaur shoots an arrow.
The arrow hits you!
* * * LOW HITPOINT WARNING * * *
The arrow burns you.
* * * LOW HITPOINT WARNING * * *
You feel better.
The centaur shoots an arrow.
The arrow misses you.
You feel very buoyant.
You fly up into the air.
The centaur shoots an arrow.
The arrow hits you.
* * * LOW HITPOINT WARNING * * *
The arrow burns you.
* * * LOW HITPOINT WARNING * * *
The centaur shoots an arrow.
The arrow hits you!
You die...

....$. #....$.
...#.#.... .......
.......... ....>.Z
.... ....##.......
..... #.........?.
.....###.....# ..
..........(###.#...
...................
......†(@..##......
.....c####.........
...>. ####......
.... ##... ... . ..
.


You could see a centaur.

Vanquished Creatures
  Sigmund (D:2)
  A hound (D:4)
  2 orc wizards (D:4)
  Jessica (D:2)
  An iguana (D:5)
  A hound skeleton (D:5)
  3 adders (D:2)
  2 oozes (D:3)
  A dart slug (D:4)
  A leopard gecko (D:3)
  12 orcs
  2 giant cockroaches (D:3)
  11 goblins
  5 hobgoblins
  4 jackals (D:4)
  4 ball pythons
  9 bats
  2 frilled lizards
  A jackal zombie (D:5)
  6 kobolds
  A leopard gecko skeleton (D:4)
  6 rats
77 creatures vanquished.

Vanquished Creatures (collateral kills)
  An adder (D:2)
  4 orcs (D:3)
  A hobgoblin (D:3)
  A frilled lizard (D:2)
7 creatures vanquished.

Grand Total: 84 creatures vanquished

Notes
Turn   | Place    | Note
-------+----------+-------------------------------------------
     0 | D:1      | smallpebble the Human Necromancer began the quest for the
                  | Orb.
     0 | D:1      | Reached XP level 1. HP: 13/13 MP: 3/3
   303 | D:1      | You fall through a shaft!
   467 | D:2      | Reached XP level 2. HP: 17/19 MP: 0/5
   567 | D:2      | Reached XP level 3. HP: 10/24 MP: 1/6
   570 | D:2      | Learned a level 1 spell: Animate Skeleton
  1159 | D:2      | Noticed Sigmund
  1549 | D:1      | Learned a level 3 spell: Vampiric Draining
  2028 | D:1      | Reached XP level 4. HP: 27/30 MP: 3/7
  2296 | D:2      | Found a stormy altar of Qazlal.
  2377 | D:2      | Noticed Jessica
  2381 | D:2      | Killed Jessica
  2446 | D:2      | Killed Sigmund
  2446 | D:2      | Reached skill level 5 in Necromancy
  2446 | D:2      | Reached XP level 5. HP: 27/35 MP: 0/10
  2446 | D:2      | Reached XP level 6. HP: 31/41 MP: 0/11
  3238 | D:2      | Learned a level 3 spell: Regeneration
  4176 | D:3      | Found a runed door.
  4176 | D:3      | Noticed Thump's ghost (amateur SpEn)
  4176 | D:3      | Noticed a hippogriff
  4592 | D:4      | Reached skill level 6 in Necromancy
  4592 | D:4      | Reached XP level 7. HP: 38/46 MP: 5/13
  4667 | D:4      | Found a shattered altar of Ashenzari.
  4888 | D:5      | Entered Level 5 of the Dungeon
  4922 | D:5      | Learned a level 1 spell: Sandblast
  5068 | D:5      | HP: 2/46 [centaur/arrow (2)]
  5069 | D:5      | Shot with an arrow by a centaur

Skill      XL: |  1  2  3  4  5  6 |
---------------+-------------------+-----
Spellcasting   | 3 4 |  4.0
Necromancy     | 5 6 |  6.2
Dodging        | 3 |  3.2
Fighting       | |  0.2
Polearms       | |  0.2
Stealth        | |  2.4

Action                   |  1- 3 |  4- 6 |  7- 9 || total
-------------------------+-------+-------+-------++-------
Melee: Spear             |     7 |    16 |       ||    23
       Rapier            |       |     8 |       ||     8
       Whip              |       |     3 |       ||     3
Throw: Stone             |     2 |     1 |       ||     3
 Cast: Pain              |    51 |    88 |    21 ||   160
       Animate Skeleton  |     3 |    19 |     2 ||    24
       Vampiric Draining |     1 |     3 |       ||     4
       Sandblast         |       |       |     5 ||     5
  Use: Potion            |     2 |     1 |     2 ||     5
       Scroll            |       |     1 |     7 ||     8
  Eat: Ration            |     1 |     1 |     1 ||     3
       Chunk             |       |     5 |       ||     5
Armor: Robe              |     6 |    19 |     3 ||    28
Dodge: Dodged            |    18 |    68 |    11 ||    97
